 Dungeon Crawl Stone Soup version 0.20.0-8-g6b59dc7 (webtiles) character file.

1911057 inmateoo the Grim Reaper (level 26, 204/204 HPs)
             Began as a Merfolk Fighter on June 1, 2017.
             Was the Champion of Yredelemnul.
             Escaped with the Orb
             ... and 3 runes on June 2, 2017!
             The game lasted 02:11:13 (51385 turns).

inmateoo the Grim Reaper (Merfolk Fighter)         Turns: 51385, Time: 02:11:14

Health: 204/204    AC: 41    Str: 30    XL:     26   Next: 49%
Magic:  43/48      EV: 31    Int: 11    God:    Yredelemnul [******]
Gold:   2134       SH: 10    Dex: 20    Spells: 39/47 levels left

rFire    + + +     SeeInvis +   U - +9 demon trident (venom)
rCold    + + +     Gourm    .   c - +3 buckler {rF+}
rNeg     + + +     Faith    .   K - +9 chain mail of the Will of the Gods {rF+ rN+ Regen+ SInv}
rPois    +         Spirit   .   P - +2 helmet {SInv}
rElec    +         Reflect  .   y - +4 dragonskin cloak
rCorr    +         Harm     .   q - +2 pair of gloves
MR       ++...                  v - +5 pair of boots of the Eleven Deaths {MP+9 Str+2}
Stlth    ..........             m - amulet of regeneration
Regen    1.3/turn               e - ring of poison resistance
MPRegen  0.4/turn               Z - ring "Tioni" {rElec rC+ rN++ Dex-3 SInv}

@: mighty, brilliant, agile, swift, resistant, injury mirror, shrouded, very
slightly contaminated, hasted, wreathed by umbra, invisible, very quick
A: change form in water, swift swim, stealthy swim, thin metallic scales 1, see
invisible, dopey 1, magic resistance 1, sense surroundings 1
0: Orb of Zot
}: 3/15 runes: decaying, serpentine, silver
a: Recall Undead Slaves, Injury Mirror, Animate Dead, Drain Life, Enslave Soul,
Renounce Religion


You escaped.
You worshipped Yredelemnul.
Yredelemnul was exalted by your worship.
You were very full.

You visited 8 branches of the dungeon, and saw 46 of its levels.
You visited 1 bazaar.
You also visited: Labyrinth and Ossuary.

You collected 7012 gold pieces.
You spent 4878 gold pieces at shops.

Inventory:

Hand Weapons
 U - a +9 demon trident of venom (weapon)
Missiles
 w - 7 throwing nets (quivered)
Armour
 c - a +3 buckler of fire resistance (worn)
 q - a +2 pair of gloves (worn)
 v - the +5 pair of boots of the Eleven Deaths (worn) {MP+9 Str+2}
   (You acquired it on level 2 of the Realm of Zot)

   It affects your strength (+2).
   It affects your magic capacity (+9).
 y - the +4 dragonskin cloak (worn)
   (You took it off Tiamat on level 3 of the Realm of Zot)
 K - the +9 chain mail of the Will of the Gods (worn) {rF+ rN+ Regen+ SInv}
   (You bought it in a shop on level 2 of the Snake Pit)

   It protects you from fire.
   It protects you from negative energy.
   It lets you see invisible.
   It increases your rate of regeneration.
 P - a +2 helmet of see invisible (worn)
 R - the +2 scale mail of Jusemal {rC++ rCorr MP-9}
   (You bought it in a shop on level 2 of the Snake Pit)

   It greatly protects you from cold.
   It affects your magic capacity (-9).
   It protects you from acid and corrosion.
Jewellery
 e - a ring of poison resistance (left hand)
 k - an uncursed ring of resist corrosion
 m - an amulet of regeneration (around neck)
 u - the ring of Curiosity {+Fly rN+ Str+2 Dex-2}
   (You found it on level 4 of the Vaults)

   [ring of strength]

   It affects your strength (+2).
   It affects your dexterity (-2).
   It protects you from negative energy.
   It lets you fly.
 F - an uncursed ring of protection from cold
 X - an uncursed ring of fire
 Z - the ring "Tioni" (right hand) {rElec rC+ rN++ Dex-3 SInv}
   (You found it on level 3 of the Vaults)

   [ring of protection from cold]

   It affects your dexterity (-3).
   It protects you from cold.
   It insulates you from electricity.
   It greatly protects you from negative energy.
   It lets you see invisible.
Wands
 a - a wand of polymorph (12/24)
 b - a wand of clouds (5/9)
 I - a wand of iceblast (8/15)
 J - a wand of scattershot (5/9)
 Q - a wand of digging (6/24)
Scrolls
 h - 18 scrolls of remove curse
 l - 3 scrolls of enchant armour
 p - 4 scrolls of recharging
 E - 2 scrolls of identify
 L - 7 scrolls of fog
 M - 3 scrolls of blinking
 O - 5 scrolls of fear
 S - 2 scrolls of magic mapping
 T - 13 scrolls of teleportation
Potions
 d - 4 potions of might
 g - 8 potions of mutation
 i - 9 potions of haste
 j - a potion of ambrosia
 n - 33 potions of curing
 r - 6 potions of agility
 x - 7 potions of brilliance
 z - 4 potions of heal wounds
 A - 4 potions of cancellation
 B - 5 potions of magic
 C - 3 potions of resistance
 G - 5 potions of invisibility
 H - 9 potions of flight
Miscellaneous
 t - a box of beasts
 N - a lamp of fire
 V - a phial of floods
 Y - a lightning rod (4/4)
Comestibles
 f - 21 bread rations
 s - 33 royal jellies


   Skills:
 - Level 16.1 Fighting
 - Level 18.1 Polearms
 - Level 10.6 Armour
 - Level 22.3 Dodging
 - Level 10.2 Shields
 - Level 11.3 Spellcasting
 - Level 11.0 Charms
 - Level 5.3 Translocations
 + Level 24.0 Invocations
 - Level 21.4 Evocations


You had 39 spell levels left.
You knew the following spells:

 Your Spells              Type           Power        Failure   Level  Hunger
a - Apportation           Tloc           ###...       1%          1    None
b - Spectral Weapon       Hex/Chrm       ###.....     1%          3    ##.....
c - Shroud of Golubria    Chrm/Tloc      ####......   1%          2    None
d - Swiftness             Chrm/Air       ###.....     1%          2    None


Dungeon Overview and Level Annotations

Branches:
Dungeon (15/15)            Temple (0/1) D:7            Lair (6/6) D:8
  Swamp (4/4) Lair:4        Snake (4/4) Lair:4          Orc (2/2) D:10
    Elf (0/3) Orc:2        Vaults (5/5) D:13          Crypt (0/3) Vaults:3
 Depths (5/5) D:15            Zot (5/5) Depths:5
  Slime: Lair:5-6

Altars:
Ashenzari
Cheibriados
Dithmenos
Fedhas
Gozag
Kikubaaqudgha
Nemelex Xobeh
Qazlal
Ru
Sif Muna
Trog
Vehumet
Xom
Yredelemnul
The Shining One
Beogh

Shops:
D:5 !   D:9 :%?:=   Orc:2 ([[!   Snake:2 [!:[   Snake:4 (   Vaults:1 (
Vaults:3 =   Vaults:5 [

Portals:
Hell: Depths:1 Depths:2 Depths:3 Depths:4 Depths:5
Abyss: Depths:2 Depths:4
Pandemonium: Depths:2 Depths:3 Depths:5
Ziggurat: Depths:2
Trove: Vaults:4 (give 20 scrolls of identify)

Annotations:
D:7 exclusion: statue
D:13 2 runed doors
Lair:5 exclusion: oklob plant
Zot:5 exclusions: obsidian statue and orange crystal statue


Innate Abilities, Weirdness & Mutations

You revert to your normal form in water.
You are very nimble and swift while swimming.
You are very stealthy in the water. (Stealth+)
You are partially covered in thin metallic scales. (AC +2)
You have supernaturally acute eyesight. (SInv)
You are dopey. (Int -2)
You are resistant to hostile enchantments. (MR+)
You passively map a small area around you.


Message History

This square is wreathed by an umbra and is covered in magical glow.
There is a staircase leading out of the dungeon here.
You feel yourself speed up.
You feel very mighty all of a sudden.
You feel agile all of a sudden.
You feel clever all of a sudden.
You feel protected.
You fade into invisibility!
You are very lightly contaminated with residual magic.
You offer yourself to Yredelemnul, and are filled with unholy energy.
Casting: Apportation
Confirm with . or Enter, or press ? or * to list all spells.
Space distorts slightly along a thin shroud covering your body.
Casting: Shroud of Golubria
Confirm with . or Enter, or press ? or * to list all spells.
You renew your shroud.
Casting: Shroud of Golubria
Confirm with . or Enter, or press ? or * to list all spells.
You feel quick.
You have escaped!

.......# ##..........##.#.# #...
##.#.### ##.....#.....##.#.# #.).
#.#.# ##.....###.....#.#.# #...
##.#.# ##.....#####........# #...
...#.###.....#.....#.....### #...
.....##.....###...###.....## ####
.....#.....#####.#####.....## #
..#.......#...........#.....## #
#.#......###....@A...###.....####
#.#.....#####....n..#####....##..
#.#....#.....#.....#.....#....#)#
#.#...###...###...###...###..#..#
#....#####.#####.#####.#####.##.#
####.........................##.#
......[.#######..##############(.
..####.........................#.
..# #.###############.........#.


You could see a friendly profane servitor and a friendly ghoul.

Vanquished Creatures
  5 orbs of fire
  An ancient lich (Zot:4)
  A juggernaut (Depths:4)
  2 Killer Klowns (Zot:5)
  7 golden dragons
  4 electric golems
  17 Orb Guardians
  Rupert (Lair:4)
  12 tentacled monstrosities
  Asterion (Snake:3)
  6 titans (Vaults:5)
  3 quicksilver dragons
  10 death cobs
  A sphinx (shapeshifter) (Depths:2)
  Agnes (D:14)
  3 sphinxes
  10 shadow dragons
  3 tengu reavers (Vaults:5)
  13 storm dragons
  2 draconian monks
  A nagaraja (Snake:2)
  2 fire giants
  A ghost moth (Zot:3)
  6 vault wardens
  2 draconian scorchers
  An iron dragon (Zot:3)
  A draconian stormcaller (Zot:2)
  A reaper (Depths:5)
  5 ironheart preservers
  4 draconian shifters
  2 war gargoyles (Depths:2)
  The ghost of 100P the Severer, a journeyman MiGl of Gozag (Lair:3)
  2 draconian annihilators
  24 very ugly things
  7 black draconians
  9 stone giants
  12 green draconians
  Nessos (D:12)
  4 purple draconians
  5 red draconians
  3 yellow draconians
  A lorocyproca (D:13)
  2 white draconians
  2 deep elf annihilators
  9 spark wasps
  11 ettins
  A merfolk impaler (Depths:3)
  10 fire dragons
  8 crystal guardians (Depths:2)
  A merfolk javelineer (Depths:4)
  6 great orbs of eyes
  8 yaktaur captains
  2 naga warriors (Snake:4)
  12 vault guards
  21 hydras
  A rakshasa (Depths:4)
  3 spriggan air magi
  6 ice dragons
  8 two-headed ogres
  3 anacondas
  2 alligators (Swamp:1)
  3 ogre magi
  4 centaur warriors
  6 dancing weapons (Depths:2)
  A satyr (D:13)
  6 death yaks
  4 deep troll shamans
  2 tengu warriors (Depths:1)
  5 deep troll earth magi
  A titan zombie (Vaults:5)
  2 shock serpents
  A sun demon (Depths:3)
  4 naga sharpshooters
  3 spriggan berserkers (Depths:4)
  A titan skeleton (Vaults:3)
  3 deep elf knights
  A hell knight (Depths:4)
  A salamander mystic (Snake:4)
  A sixfirhy (D:5)
  An iron troll (Depths:1)
  2 unseen horrors
  2 swamp dragons
  12 deep trolls
  A deep troll (shapeshifter) (Depths:2)
  3 glowing orange brains
  3 deep elf archers
  A naga ritualist (Snake:2)
  2 necromancers
  A phantasmal warrior (Vaults:5)
  A shadow dragon zombie (Vaults:3)
  4 ironbrand convokers
  2 wolf spiders
  A wizard (Vaults:3)
  A harpy (shapeshifter) (Vaults:1)
  7 cyclopes
  A lindwurm (Lair:5)
  5 deep elf magi
  5 orc knights
  2 human zombies (Vaults:5)
  15 ugly things
  A shining eye (shapeshifter) (Vaults:5)
  A shadow dragon skeleton (Vaults:5)
  2 mana vipers
  An orc sorcerer (Orc:2)
  14 moths of wrath
  A manticore (shapeshifter) (Depths:4)
  3 salamanders
  2 centaur zombies
  3 manticores
  An elephant (shapeshifter) (Depths:2)
  9 vault sentinels
  4 guardian serpents
  A guardian serpent (shapeshifter) (D:13)
  14 elephants
  A torpor snail (Lair:2)
  2 naga magi
  15 spiny frogs
  24 black mambas
  A rust devil (Depths:3)
  3 centaur skeletons
  A gargoyle (D:13)
  2 smoke demons
  An ice devil (D:9)
  A kobold demonologist (D:15)
  2 rime drakes
  6 komodo dragons
  2 yaktaurs (shapeshifter)
  2 komodo dragons (shapeshifter)
  20 yaktaurs
  3 hellwings (Depths:1)
  2 red devils
  3 tengu conjurers
  2 polar bears
  2 wind drakes (Depths:2)
  A tengu simulacrum (Vaults:5)
  7 hornets
  6 trolls
  2 bog bodies (Swamp:4)
  14 slime creatures
  24 blink frogs
  Grinder (D:6)
  A centaur simulacrum (D:15)
  2 dream sheep (Lair:6)
  14 hippogriffs
  A snapping turtle (shapeshifter) (Vaults:4)
  A redback (shapeshifter) (Depths:2)
  Sigmund (D:7)
  3 spriggans (Depths:4)
  A spriggan (shapeshifter) (Depths:2)
  5 air elementals
  2 ynoxinuls (Depths:5)
  5 water elementals
  41 yaks
  3 vampires
  3 hogs (Snake:3)
  2 redbacks (Vaults:4)
  3 wyverns
  A wraith (Vaults:3)
  5 basilisks
  3 hungry ghosts
  15 fire elementals
  A chaos spawn (Depths:5)
  Grum (D:9)
  The ghost of vatarom the Poker, an amateur FoAK of Lugonu (D:4)
  8 vampire mosquitoes
  A steam dragon (D:12)
  A soldier ant (shapeshifter) (D:14)
  An insubstantial wisp (Depths:2)
  19 nagas
  2 soldier ants (D:12)
  12 swamp worms
  2 acid dragons
  18 water moccasins
  A floating eye (Depths:4)
  3 swamp drakes
  21 orc warriors
  8 porcupines
  6 black bears
  An eye of draining (shapeshifter) (Vaults:4)
  4 sky beasts
  13 ogres
  2 eyes of draining
  5 phantoms
  8 wolves
  A boggart (Vaults:1)
  14 centaurs
  19 crocodiles
  A big kobold (D:7)
  A wyvern zombie (D:14)
  18 bullfrogs
  An earth elemental (Depths:3)
  2 scorpions
  14 killer bees
  A water moccasin skeleton (D:9)
  8 jellies
  5 wights (D:15)
  A howler monkey (D:8)
  An electric eel (Lair:4)
  5 crimson imps
  2 bullfrog zombies
  4 quasits
  14 orc priests
  4 hounds
  A gnoll shaman (D:5)
  2 iron imps (Depths:5)
  Natasha (thrice) (D:2)
  2 bullfrog skeletons
  Terence (D:3)
  4 hell rats (Lair:5)
  5 iguanas
  17 orc wizards
  7 worker ants
  A big kobold zombie (Ossuary)
  A hound zombie (D:5)
  A hound skeleton (D:7)
  A howler monkey skeleton (D:5)
  8 mummies (Ossuary)
  A worker ant zombie (D:9)
  12 gnolls
  A gnoll (shapeshifter) (Vaults:1)
  31 adders
  4 shadow imps
  8 oozes (Lair:2)
  5 worms
  2 dart slugs (D:4)
  4 leopard geckos
  53 orcs
  9 bats
  4 giant cockroaches
  3 gnoll zombies (Ossuary)
  4 goblins
  11 hobgoblins
  18 jackals
  9 quokkas
  5 frilled lizards
  A hobgoblin zombie (Ossuary)
  2 jackal zombies
  35 kobolds
  A kobold zombie (Ossuary)
  2 orc zombies (Ossuary)
  10 rats
  A briar patch (Swamp:1)
  A butterfly (Lair:5)
1300 creatures vanquished.

Vanquished Creatures (collateral kills)
  Tiamat (Zot:3)
  2 orbs of fire
  3 ancient liches
  Vashnia (Snake:2)
  Xtahua (Depths:5)
  A Killer Klown (Zot:2)
  A caustic shrike (Depths:4)
  12 golden dragons
  Nikola (Snake:3)
  3 tentacled monstrosities
  4 liches
  11 Orb Guardians
  2 quicksilver dragons (Zot:3)
  2 titans
  An acid blob (shapeshifter) (Depths:2)
  5 sphinxes
  9 shadow dragons
  2 death cobs
  4 thorn hunters
  A storm dragon (Zot:5)
  Kirke (Snake:3)
  6 tengu reavers
  5 nagarajas (Snake:4)
  4 draconian monks
  6 frost giants
  A fire giant (Depths:4)
  2 iron dragons
  Aizul (Snake:2)
  A draconian shifter (Zot:2)
  8 vault wardens
  2 draconian annihilators (Depths:4)
  A ghoul (Vaults:3)
  A draconian scorcher (Depths:5)
  8 ironheart preservers
  A deep elf elementalist (Vaults:5)
  2 draconian stormcallers (Zot:2)
  Louise (Snake:3)
  16 very ugly things
  2 war gargoyles
  11 stone giants
  2 green draconians
  An entropy weaver (Vaults:4)
  2 deep elf demonologists (Vaults:5)
  6 white draconians
  4 black draconians
  6 yellow draconians
  A dire elephant (Lair:6)
  4 purple draconians
  6 vampire knights
  2 deep elf annihilators
  7 spark wasps
  4 red draconians
  7 ettins
  A deep elf death mage (Vaults:4)
  2 blizzard demons (Depths:2)
  6 crystal guardians
  6 ogre magi
  20 vault guards
  8 yaktaur captains
  3 rakshasas
  4 fire dragons
  4 great orbs of eyes
  9 ice dragons
  7 naga warriors
  2 spriggan air magi (Depths:4)
  8 hydras
  A ghost crab (Swamp:1)
  6 anacondas
  5 alligators
  3 centaur warriors
  A catoblepas (Lair:6)
  4 deep troll shamans
  11 two-headed ogres
  A death yak (shapeshifter) (Depths:2)
  2 tengu warriors (Depths:1)
  3 deep troll earth magi
  6 dancing weapons (Depths:2)
  16 naga sharpshooters
  A satyr (shapeshifter) (Depths:2)
  5 death yaks (Lair:6)
  6 spriggan berserkers
  A hell hog (Depths:4)
  An orc high priest (Orc:2)
  2 shock serpents
  A sun demon (Depths:3)
  4 spriggans
  3 titan skeletons
  2 salamander mystics (Snake:4)
  2 hell knights (Depths:4)
  A skeletal warrior (Vaults:3)
  18 deep trolls
  7 swamp dragons
  A fire crab (shapeshifter) (Vaults:1)
  A quicksilver dragon simulacrum (Depths:4)
  5 iron trolls (Depths:5)
  2 flayed ghosts
  A shadow wraith (Vaults:5)
  2 spriggan druids
  4 glowing orange brains
  3 deep elf archers
  A torturous demonspawn (Depths:3)
  5 naga ritualists
  7 orc knights
  2 shambling mangroves (Swamp:4)
  2 obsidian statues (Depths:2)
  A tengu zombie (Vaults:5)
  An orange crystal statue (Depths:2)
  3 phantasmal warriors
  3 necromancers
  5 ironbrand convokers
  5 mana vipers
  An orb spider (shapeshifter) (Depths:1)
  2 wolf spiders (Vaults:2)
  13 deep elf magi
  2 shadow dragon skeletons
  18 ugly things
  6 orc sorcerers
  A manticore (D:15)
  16 slime creatures
  5 moths of wrath
  A moth of wrath (shapeshifter) (Vaults:5)
  5 salamanders
  A black mamba (shapeshifter) (Depths:3)
  3 elephants (Lair:6)
  A smoke demon (Depths:1)
  14 black mambas
  5 gargoyles (Depths:2)
  5 guardian serpents
  14 vault sentinels
  Psyche (D:12)
  2 molten gargoyles (Depths:2)
  4 spiny frogs
  10 naga magi
  34 yaktaurs
  3 freezing wraiths
  2 red devils (Depths:1)
  A tengu conjurer (Depths:4)
  A tormentor (Depths:3)
  4 hellwings (Depths:1)
  A jumping spider (shapeshifter) (Vaults:5)
  8 hornets
  A wind drake (Depths:2)
  4 tyrant leeches
  4 trolls
  3 blink frogs (Lair:6)
  A hippogriff (Lair:3)
  3 dream sheep (Lair:6)
  5 bog bodies
  A fire giant simulacrum (Vaults:3)
  9 air elementals
  A tarantella (shapeshifter) (Depths:2)
  4 water elementals (Depths:2)
  A redback (shapeshifter) (Depths:2)
  A ynoxinul (D:15)
  10 yaks
  A yak (shapeshifter) (Vaults:1)
  5 fire elementals
  4 hogs (Snake:3)
  A hungry ghost (D:15)
  2 acid dragons
  7 insubstantial wisps
  3 vampire mosquitoes
  8 swamp worms
  41 nagas
  3 hell hounds (Depths:1)
  2 water moccasins
  3 swamp drakes
  19 orc warriors
  A porcupine (shapeshifter) (Depths:2)
  A black bear (Lair:6)
  19 ogres
  4 wolves (Lair:6)
  2 boggarts (Vaults:1)
  An ogre (shapeshifter) (Depths:2)
  8 centaurs
  A bullfrog (Lair:3)
  4 earth elementals (Depths:2)
  A killer bee (D:10)
  5 crimson imps
  A quasit (Depths:5)
  10 orc priests
  5 jellies (Lair:2)
  20 orc wizards
  A shadow imp (Depths:5)
  An ufetubus (Depths:5)
  3 oozes (Lair:2)
  39 orcs
  A jackal (shapeshifter) (Vaults:4)
  A briar patch (Swamp:1)
  A butterfly (Lair:6)
  A fungus (Lair:1)
  5 plants
913 creatures vanquished.

Vanquished Creatures (others)
  3 profane servitors
  A golden dragon (Zot:2)
  10 bone dragons
  A quicksilver dragon (Zot:5)
  2 draconian knights (Zot:2)
  A draconian scorcher (Zot:2)
  A ghost moth (Zot:5)
  9 ghouls
  2 Killer Klown zombies
  A spectral storm dragon (Depths:3)
  A spectral orc (Vaults:5)
  12 vampire knights
  A yellow draconian (Zot:3)
  A very ugly thing zombie (Depths:2)
  4 spectral draconians
  5 storm dragon zombies
  A shadow wraith (Vaults:4)
  7 skeletal warriors
  5 golden dragon zombies
  7 flayed ghosts
  A storm dragon skeleton (Zot:4)
  9 phantasmal warriors
  3 shadow dragon zombies
  An ugly thing zombie (Depths:2)
  An iron dragon zombie (Zot:3)
  7 draconian zombies (Zot:2)
  4 green draconian zombies
  4 purple draconian zombies
  4 red draconian zombies (Zot:4)
  3 yaktaur zombies
  An efreet (Zot:4)
  A black draconian zombie (Zot:2)
  4 white draconian zombies
  A ghoul skeleton (Zot:2)
  2 yellow draconian zombies (Zot:2)
  A spectral human (Depths:2)
  4 fire dragon zombies (Zot:3)
  An ettin zombie (Depths:3)
  2 ice dragon zombies (Zot:3)
  4 moth of wrath zombies
  3 air elementals (Depths:2)
  4 flying skulls (D:12)
  3 water elementals (Depths:2)
  7 vampires
  3 wraiths
  2 deep troll zombies (Depths:3)
  An acid dragon (Zot:3)
  A centaur (Vaults:2)
  A bullfrog (D:13)
  4 wights
  An acid dragon zombie (Zot:3)
  A mummy (D:12)
  10 ball lightnings (Depths:2)
  A briar patch (Swamp:1)
  12 fungi
  38 plants
225 creatures vanquished.

Grand Total: 2438 creatures vanquished

Notes
Turn   | Place    | Note
-------+----------+-------------------------------------------
     0 | D:1      | inmateoo the Merfolk Fighter began the quest for the Orb.
     0 | D:1      | Reached XP level 1. HP: 18/18 MP: 1/1
    93 | D:1      | Reached XP level 2. HP: 18/24 MP: 2/2
   760 | D:1      | Reached XP level 3. HP: 28/29 MP: 3/3
  1545 | D:2      | Found a sacrificial altar of Ru.
  1565 | D:2      | Reached skill level 5 in Polearms
  1565 | D:2      | Reached XP level 4. HP: 36/36 MP: 4/4
  1823 | D:2      | Noticed Natasha
  1828 | D:2      | Killed Natasha
  1907 | D:2      | Noticed Natasha
  1920 | D:2      | Killed Natasha
  1920 | D:2      | Reached XP level 5. HP: 16/41 MP: 5/5
  2215 | D:2      | Noticed Natasha
  2222 | D:2      | Killed Natasha
  2567 | D:3      | Found an opulent altar of Gozag.
  2619 | D:3      | Found a stormy altar of Qazlal.
  2652 | D:3      | Noticed Terence
  2674 | D:3      | Killed Terence
  2780 | D:3      | Reached XP level 6. HP: 47/47 MP: 6/6
  2903 | D:3      | Found a glowing golden altar of the Shining One.
  3235 | D:4      | Noticed vatarom's ghost (amateur FoAK)
  3291 | D:4      | Noticed a phantom
  3316 | D:4      | Found a snail-covered altar of Cheibriados.
  3394 | D:4      | Noticed a phantom
  3636 | D:5      | Entered Level 5 of the Dungeon
  3636 | D:5      | Found Syopua's Distillery.
  3642 | D:5      | Bought a potion of agility for 48 gold pieces
  3642 | D:5      | Bought a potion of curing for 36 gold pieces
  3848 | D:5      | Found a deep blue altar of Sif Muna.
  3950 | D:5      | Reached XP level 7. HP: 54/54 MP: 7/7
  4047 | D:5      | Reached skill level 10 in Polearms
  4313 | D:5      | Reached skill level 5 in Fighting
  4618 | D:5      | Reached XP level 8. HP: 62/62 MP: 8/8
  4701 | D:6      | Noticed Grinder
  4708 | D:6      | Paralysed by Grinder for 6 turns
  4718 | D:6      | Paralysed by Grinder for 5 turns
  4725 | D:6      | Killed Grinder
  4726 | D:6      | Found a basalt altar of Yredelemnul.
  4735 | D:6      | Found a shadowy altar of Dithmenos.
  4738 | D:6      | Became a worshipper of Yredelemnul the Dark
  4843 | D:6      | Noticed Sigmund
  5313 | D:6      | Reached skill level 1 in Dodging
  5839 | D:4      | Killed vatarom's ghost
  5839 | D:4      | Reached XP level 9. HP: 70/71 MP: 9/9
  5941 | D:5      | Bought a potion of invisibility for 96 gold pieces
  5941 | D:5      | Bought a potion of agility for 48 gold pieces
  6198 | D:7      | Found a staircase to the Ecumenical Temple.
  6233 | D:7      | Reached * piety under Yredelemnul
  6353 | D:7      | Killed Sigmund
  6846 | D:7      | Reached ** piety under Yredelemnul
  6869 | D:7      | Found a radiant altar of Vehumet.
  7158 | D:8      | Reached skill level 5 in Dodging
  7194 | D:8      | Reached XP level 10. HP: 31/79 MP: 10/10
  7371 | D:8      | Identified a scroll of acquirement
  7374 | D:8      | Got a steaming trident
  7375 | D:8      | Identified the +3 trident "Secs" {pierce, *Contam +Blink +Inv rF+++} (You acquired it on level 8 of the Dungeon)
  7438 | D:8      | Found a sparkling altar of Nemelex Xobeh.
  7455 | D:8      | Found a staircase to the Lair.
  7456 | D:8      | Noticed a death yak
  7456 | D:8      | Noticed a death yak
  7456 | D:8      | Noticed a death yak
  7456 | D:8      | Noticed a death yak
  7456 | D:8      | Noticed a death yak
  7585 | D:8      | Killed a death yak
  7593 | D:8      | Killed a death yak
  7593 | D:8      | Reached skill level 15 in Polearms
  7607 | D:8      | Killed a death yak
  7749 | D:8      | Found a sand-covered staircase.
  7769 | Ossuary  | Entered an ossuary
  7783 | Ossuary  | Reached *** piety under Yredelemnul
  7998 | D:8      | Noticed a two-headed ogre
  8012 | D:8      | Killed a two-headed ogre
  8112 | D:8      | Reached XP level 11. HP: 87/87 MP: 11/11
  8154 | D:8      | Killed a death yak
  8386 | D:9      | Noticed a two-headed ogre
  8398 | D:9      | Killed a two-headed ogre
  8454 | D:9      | Found a shimmering altar of Xom.
  8466 | D:9      | Found Ureorauk's Book Boutique.
  8498 | D:9      | Learned a level 1 spell: Apportation
  8554 | D:9      | Found Inkevot's Magic Scroll Boutique.
  8584 | D:9      | Found Fowkun's Jewellery Emporium.
  8587 | D:9      | Bought an uncursed ring of see invisible for 165 gold pieces
  8663 | D:9      | Found Jiarph's Food Shoppe.
  8673 | D:9      | Reached **** piety under Yredelemnul
  8683 | D:9      | Reached skill level 5 in Armour
  8824 | D:9      | Found Qorelira's Book Shoppe.
  8908 | D:9      | Found a shattered altar of Ashenzari.
  9008 | D:9      | Found an ancient bone altar of Kikubaaqudgha.
  9059 | D:9      | Noticed Grum
  9081 | D:9      | Killed Grum
  9146 | D:10     | Entered Level 10 of the Dungeon
  9165 | D:10     | Found a staircase to the Orcish Mines.
  9299 | D:10     | Received a gift from Yredelemnul (a wight)
  9520 | D:10     | Reached skill level 1 in Invocations
  9900 | D:10     | Reached skill level 2 in Invocations
  9925 | D:10     | Noticed a cyclops
  9935 | D:10     | Killed a cyclops
 10124 | D:11     | Reached skill level 3 in Invocations
 10474 | D:11     | Received a gift from Yredelemnul (4 flying skulls)
 10533 | D:11     | Reached skill level 4 in Invocations
 10844 | D:12     | Reached skill level 10 in Fighting
 10952 | D:12     | Reached XP level 12. HP: 91/97 MP: 15/15
 10974 | D:12     | Noticed Psyche
 10981 | D:12     | Killed Psyche
 10989 | D:12     | Noticed Nessos
 11004 | D:12     | Killed Nessos
 11004 | D:12     | Reached skill level 10 in Dodging
 11004 | D:12     | Reached skill level 5 in Invocations
 11195 | D:12     | Noticed a two-headed ogre
 11205 | D:12     | Killed a two-headed ogre
 11205 | D:12     | Reached skill level 6 in Invocations
 11247 | D:12     | Paralysed by a hornet for 2 turns
 11315 | D:12     | Received a gift from Yredelemnul (a mummy)
 11583 | D:12     | Reached skill level 1 in Evocations
 11673 | D:13     | Noticed a two-headed ogre
 11825 | D:13     | Killed a two-headed ogre
 11873 | D:13     | Noticed a four-headed hydra
 11881 | D:13     | Killed a four-headed hydra
 11881 | D:13     | Reached skill level 7 in Invocations
 12146 | D:13     | You fall through a shaft for 2 floors!
 12146 | D:15     | Entered Level 15 of the Dungeon
 12322 | D:13     | Found a runed door.
 12447 | D:13     | Noticed a five-headed hydra
 12469 | D:13     | Killed a five-headed hydra
 12540 | D:13     | Noticed a vault guard
 12541 | D:13     | Noticed a vault guard
 12553 | D:13     | Noticed a five-headed hydra
 12574 | D:13     | Killed a five-headed hydra
 12574 | D:13     | Received a gift from Yredelemnul (a wraith)
 12577 | D:13     | Killed a vault guard
 12577 | D:13     | Reached skill level 8 in Invocations
 12577 | D:13     | Reached XP level 13. HP: 64/106 MP: 17/19
 12579 | D:13     | Noticed a vault guard
 12586 | D:13     | Noticed a vault guard
 12590 | D:13     | Killed a vault guard
 12739 | D:13     | Reached ***** piety under Yredelemnul
 12740 | D:13     | Found a gate to the Vaults.
 13144 | D:13     | Reached skill level 9 in Invocations
 13168 | D:13     | Noticed a great orb of eyes
 13168 | D:13     | a vault guard changed into a great orb of eyes
 13176 | D:13     | Killed a great orb of eyes
 13336 | D:13     | a vault guard changed into a satyr
 13443 | D:13     | Found a runed door.
 13687 | D:14     | Found a blossoming altar of Fedhas.
 13706 | D:14     | Received a gift from Yredelemnul (a wraith)
 14041 | D:14     | Noticed Agnes
 14048 | D:14     | Killed Agnes
 14100 | D:14     | Reached skill level 10 in Invocations
 14812 | Lair:1   | Entered Level 1 of the Lair of Beasts
 14900 | Lair:1   | Reached XP level 14. HP: 58/114 MP: 21/21
 15385 | Lair:1   | Received a gift from Yredelemnul (a wight)
 15994 | Lair:2   | Received a gift from Yredelemnul (a wight)
 16135 | Lair:2   | Received a gift from Yredelemnul (a wight)
 16182 | Lair:2   | Received a gift from Yredelemnul (a vampire)
 16317 | Lair:2   | Reached skill level 11 in Invocations
 16752 | Lair:2   | Got an ebony demon trident
 16753 | Lair:2   | Identified the +3 demon trident of a treasure trove {pain, *Drain rN+ Str+4} (You acquired it on level 2 of the Lair of Beasts)
 16993 | Lair:3   | Found a labyrinth entrance.
 17009 | Lab      | Entered a labyrinth
 17251 | Lab      | Identified the Catalogue of the Catamount
 17259 | Lab      | Identified the Compendium of Augmentations
 17266 | Lab      | Learned a level 3 spell: Spectral Weapon
 17269 | Lab      | Learned a level 2 spell: Shroud of Golubria
 17414 | Lair:3   | Noticed 100P's ghost (journeyman MiGl)
 17817 | Lair:4   | Reached skill level 1 in Spellcasting
 18066 | Lair:4   | Found a staircase to the Swamp.
 18210 | Lair:4   | Found a staircase to the Snake Pit.
 18462 | Lair:4   | Noticed Rupert
 18495 | Lair:4   | Paralysed by Rupert for 6 turns
 18513 | Lair:4   | Killed Rupert
 18513 | Lair:4   | Reached skill level 12 in Invocations
 18853 | Lair:5   | Reached ****** piety under Yredelemnul
 19083 | Lair:5   | Learned a level 2 spell: Swiftness
 19340 | Lair:5   | Reached XP level 15. HP: 103/122 MP: 24/24
 19391 | Lair:5   | Received a gift from Yredelemnul (a vampire)
 19427 | Lair:5   | Reached skill level 1 in Charms
 19553 | Lair:5   | Reached skill level 5 in Evocations
 19869 | Lair:5   | Received a gift from Yredelemnul (a flayed ghost)
 19909 | Lair:6   | Entered Level 6 of the Lair of Beasts
 20324 | Lair:6   | Received a gift from Yredelemnul (a vampire)
 20952 | Lair:6   | Received a gift from Yredelemnul (a vampire knight)
 21102 | Lair:6   | Received a gift from Yredelemnul (a wraith)
 21322 | Lair:6   | Received a gift from Yredelemnul (a phantasmal warrior)
 21449 | Lair:6   | Received a gift from Yredelemnul (a vampire knight)
 21618 | Lair:3   | Killed 100P's ghost
 22254 | Orc:1    | Entered Level 1 of the Orcish Mines
 22417 | Orc:1    | Found a roughly hewn altar of Beogh.
 22491 | Orc:2    | Entered Level 2 of the Orcish Mines
 22793 | Orc:2    | Received a gift from Yredelemnul (a vampire knight)
 22846 | Orc:2    | Received a gift from Yredelemnul (a bone dragon)
 22885 | Orc:2    | Found Tuad's Armour Shop.
 22885 | Orc:2    | Found Kack's Antique Weapon Shop.
 22885 | Orc:2    | Found Cuamiom's Antique Armour Boutique.
 22891 | Orc:2    | Found Qayjaez's Distillery.
 22892 | Orc:2    | Received a gift from Yredelemnul (a ghoul)
 23073 | Orc:2    | Found a staircase to the Elven Halls.
 23400 | Orc:2    | Bought the +5 plate armour of Slovenliness {-Cast rElec Dex+3 Slay+3} for 886 gold pieces
 23558 | Swamp:1  | Entered Level 1 of the Swamp
 23558 | Swamp:1  | Noticed a thorn hunter
 23569 | Swamp:1  | Killed a thorn hunter
 23597 | Swamp:1  | Received a gift from Yredelemnul (a vampire knight)
 23767 | Swamp:1  | Reached skill level 13 in Invocations
 23889 | Swamp:1  | Reached XP level 16. HP: 113/130 MP: 25/25
 23932 | Swamp:1  | Reached skill level 5 in Spellcasting
 23979 | Swamp:1  | Noticed a thorn hunter
 23994 | Swamp:1  | Killed a thorn hunter
 24083 | Swamp:1  | Received a gift from Yredelemnul (a bone dragon)
 24325 | Swamp:2  | Noticed a thorn hunter
 24336 | Swamp:2  | Killed a thorn hunter
 24390 | Swamp:2  | Reached skill level 5 in Charms
 24391 | Swamp:2  | Received a gift from Yredelemnul (a phantasmal warrior)
 24847 | Swamp:3  | Received a gift from Yredelemnul (a phantasmal warrior)
 25366 | Swamp:4  | Entered Level 4 of the Swamp
 25417 | Swamp:4  | Received a gift from Yredelemnul (a ghoul)
 25432 | Swamp:4  | Noticed a thorn hunter
 25433 | Swamp:4  | Reached skill level 10 in Evocations
 25439 | Swamp:4  | Killed a thorn hunter
 25533 | Swamp:4  | Identified the +4 ring mail of Toelaid {+Inv Dex+2} (You found it on level 4 of the Swamp)
 25547 | Swamp:4  | Identified the cursed +1 ring mail "Zoiga" {-Cast MP+9 Str+8 Stlth+} (You found it on level 4 of the Swamp)
 25665 | Swamp:4  | Received a gift from Yredelemnul (a vampire knight)
 25870 | Swamp:4  | Got a decaying rune of Zot
 26272 | Snake:1  | Entered Level 1 of the Snake Pit
 26499 | Snake:1  | Received a gift from Yredelemnul (a bone dragon)
 26727 | Snake:2  | Noticed Aizul
 26736 | Snake:2  | Killed Aizul
 26746 | Snake:2  | Found Yklit's Antique Armour Emporium.
 26750 | Snake:2  | Found Rapn's Book Emporium.
 26750 | Snake:2  | Found Zeulauph's Distillery.
 26770 | Snake:2  | Found Zixzio Bury's Antique Armour Shoppe.
 26778 | Snake:2  | Bought a pair of shimmering gloves for 180 gold pieces
 26788 | Snake:2  | Identified the cursed +0 pair of gloves of Perfidy {Stlth+} (You bought it in a shop on level 2 of the Snake Pit)
 26800 | Snake:2  | Bought a pair of runed gloves for 142 gold pieces
 26946 | Snake:2  | Noticed Vashnia
 26958 | Snake:2  | Reached XP level 17. HP: 118/138 MP: 20/27
 26974 | Snake:2  | Killed Vashnia
 27535 | Snake:3  | Noticed Kirke
 27541 | Snake:3  | Received a gift from Yredelemnul (a flayed ghost)
 27547 | Snake:3  | Killed Kirke
 27610 | Snake:3  | Noticed Nikola
 27627 | Snake:3  | Killed Nikola
 27628 | Snake:3  | Reached skill level 14 in Invocations
 27628 | Snake:3  | Received a gift from Yredelemnul (a flayed ghost)
 27772 | Snake:3  | Noticed Asterion
 27787 | Snake:3  | Killed Asterion
 27790 | Snake:3  | Got a shimmering scale mail
 27875 | Snake:3  | Identified the cursed +1 scale mail of Qiushaxt {rElec rC- MR+++ Regen+} (You took it off Asterion on level 3 of the Snake Pit)
 27919 | Snake:3  | Noticed Louise
 27931 | Snake:3  | Killed Louise
 28211 | Snake:4  | Entered Level 4 of the Snake Pit
 28438 | Snake:4  | Reached skill level 15 in Dodging
 28633 | Snake:4  | Received a gift from Yredelemnul (a skeletal warrior)
 28782 | Snake:4  | Received a gift from Yredelemnul (a profane servitor)
 28827 | Snake:4  | Received a gift from Yredelemnul (a vampire knight)
 28989 | Snake:4  | Got a serpentine rune of Zot
 29032 | Snake:4  | Found Ysmomu's Weapon Shoppe.
 29174 | Snake:2  | Bought a distressingly furry chain mail for 180 gold pieces
 29174 | Snake:2  | Bought a faintly glowing scale mail for 171 gold pieces
 29188 | Snake:2  | Identified the +7 chain mail of Light {Str+4 Slay+3} (You bought it in a shop on level 2 of the Snake Pit)
 29198 | Snake:2  | Identified the +2 scale mail of Jusemal {rC++ rCorr MP-9} (You bought it in a shop on level 2 of the Snake Pit)
 29205 | Snake:2  | Bought a pair of embroidered boots for 142 gold pieces
 29205 | Snake:2  | Bought a faintly glowing chain mail for 180 gold pieces
 29205 | Snake:2  | Bought a heavily runed plate armour for 532 gold pieces
 29227 | Snake:2  | Identified the +9 chain mail of the Will of the Gods {rF+ rN+ Regen+ SInv} (You bought it in a shop on level 2 of the Snake Pit)
 29237 | Snake:2  | Identified the +10 plate armour "Qarir" {*Drain rPois rCorr Slay-3} (You bought it in a shop on level 2 of the Snake Pit)
 29505 | Vaults:1 | Entered Level 1 of the Vaults
 29640 | Vaults:1 | Reached XP level 18. HP: 147/147 MP: 29/29
 29689 | Vaults:1 | Received a gift from Yredelemnul (a skeletal warrior)
 29707 | Vaults:1 | Found Huruzis's Weapon Emporium.
 30152 | Vaults:1 | Received a gift from Yredelemnul (a flayed ghost)
 31430 | Vaults:2 | Received a gift from Yredelemnul (a vampire)
 32052 | Vaults:3 | Received a gift from Yredelemnul (a vampire knight)
 32100 | Vaults:3 | Found Mumpum's Jewellery Emporium.
 32258 | Vaults:3 | Found a staircase to the Crypt.
 32461 | Vaults:3 | Received a gift from Yredelemnul (a flayed ghost)
 32755 | Vaults:3 | Reached skill level 5 in Shields
 32755 | Vaults:3 | Reached XP level 19. HP: 113/154 MP: 31/31
 32791 | Vaults:3 | Paralysed by a great orb of eyes for 7 turns
 32852 | Vaults:3 | Got a slimy lead ring
 33087 | Vaults:4 | Found a flickering gateway to a bazaar.
 33093 | Bazaar   | Entered a bazaar
 33095 | Bazaar   | Found Noazommo's Distillery.
 33103 | Bazaar   | Found Cucrok's Weapon Shop.
 33147 | Bazaar   | Found Xemiusk's Distillery.
 33155 | Bazaar   | Found Julierch's Book Boutique.
 33190 | Bazaar   | Bought a potion of curing for 39 gold pieces
 33190 | Bazaar   | Bought a potion of curing for 39 gold pieces
 33190 | Bazaar   | Bought a potion of curing for 39 gold pieces
 33190 | Bazaar   | Bought a potion of curing for 39 gold pieces
 33190 | Bazaar   | Bought a potion of heal wounds for 65 gold pieces
 33190 | Bazaar   | Bought a potion of agility for 52 gold pieces
 33190 | Bazaar   | Bought a potion of curing for 39 gold pieces
 33190 | Bazaar   | Bought a potion of resistance for 130 gold pieces
 33190 | Bazaar   | Bought 2 potions of heal wounds for 130 gold pieces
 33190 | Bazaar   | Bought a potion of agility for 52 gold pieces
 33238 | Vaults:4 | Reached skill level 15 in Fighting
 33306 | Vaults:4 | Reached skill level 15 in Invocations
 33483 | Vaults:4 | Noticed a lich
 33629 | Vaults:4 | Found a portal to a secret trove of treasure.
 33753 | Vaults:4 | Reached skill level 15 in Evocations
 33766 | Vaults:4 | Killed a lich
 33767 | Vaults:4 | Received a gift from Yredelemnul (a flayed ghost)
 33916 | Vaults:4 | Got a steaming granite ring
 33933 | Vaults:4 | Identified the ring of Curiosity {+Fly rN+ Str+2 Dex-2} (You found it on level 4 of the Vaults)
 33934 | Vaults:4 | Identified the ring "Tioni" {rElec rC+ rN++ Dex-3 SInv} (You found it on level 3 of the Vaults)
 33994 | Vaults:4 | Received a gift from Yredelemnul (a vampire)
 34005 | Vaults:4 | Got a smoking hat
 34016 | Vaults:4 | Identified the cursed -5 hat of Resilience {Dex+2} (You found it on level 4 of the Vaults)
 34533 | D:15     | Found a bloodstained altar of Trog.
 34554 | D:15     | Gained mutation: You are dopey. (Int -2) [a neqoxec]
 34995 | D:15     | Found a staircase to the Depths.
 35014 | Depths:1 | Entered Level 1 of the Depths
 35118 | Depths:1 | Noticed a lich
 35135 | Depths:1 | Killed a lich
 35139 | Depths:1 | Received a gift from Yredelemnul (a bone dragon)
 35263 | Depths:1 | Paralysed by a vampire knight for 7 turns
 35536 | Depths:1 | Found a gateway to Hell.
 35737 | Depths:1 | Reached skill level 10 in Charms
 35893 | Depths:2 | Reached skill level 10 in Armour
 35961 | Depths:2 | Reached XP level 20. HP: 161/162 MP: 33/33
 36348 | Depths:2 | Received a gift from Yredelemnul (a bone dragon)
 36372 | Depths:2 | Noticed Bai Suzhen
 36381 | Depths:2 | Killed Bai Suzhen
 36381 | Depths:2 | Enslaved Bai Suzhen
 36498 | Depths:3 | Your ally Bai Suzhen died
 36512 | Depths:3 | Received a gift from Yredelemnul (a phantasmal warrior)
 36763 | Depths:3 | Received a gift from Yredelemnul (a skeletal warrior)
 36912 | Depths:3 | Received a gift from Yredelemnul (a ghoul)
 37029 | Depths:3 | Found a one-way gate leading to the halls of Pandemonium.
 37557 | Depths:2 | Noticed a golden dragon
 37563 | Depths:3 | Received a gift from Yredelemnul (a ghoul)
 37704 | Depths:2 | Noticed a caustic shrike
 37704 | Depths:2 | a golden dragon changed into a caustic shrike
 37709 | Depths:2 | Noticed a caustic shrike
 37709 | Depths:2 | Noticed an iron giant
 37709 | Depths:2 | a caustic shrike changed into an iron giant
 37710 | Depths:2 | a caustic shrike changed into a stone giant
 37722 | Depths:2 | an iron giant changed into an acid blob
 37921 | Depths:2 | Received a gift from Yredelemnul (a vampire knight)
 38089 | Depths:2 | Received a gift from Yredelemnul (a bone dragon)
 38281 | Depths:2 | Received a gift from Yredelemnul (a profane servitor)
 38311 | Depths:2 | Found a gateway to a ziggurat.
 38312 | Depths:2 | Found a one-way gate to the infinite horrors of the Abyss.
 38615 | Depths:4 | Paralysed by a sphinx for 2 turns
 38616 | Depths:4 | Reached skill level 16 in Invocations
 38727 | Depths:4 | Noticed a golden dragon
 38736 | Depths:4 | Killed a golden dragon
 38800 | Depths:4 | Noticed a golden dragon
 38803 | Depths:4 | Noticed a juggernaut
 38804 | Depths:4 | Reached XP level 21. HP: 171/171 MP: 34/34
 38815 | Depths:4 | Killed a golden dragon
 38815 | Depths:4 | Reached skill level 10 in Spellcasting
 38831 | Depths:4 | Received a gift from Yredelemnul (a bone dragon)
 39065 | Depths:4 | Killed a juggernaut
 39071 | Depths:4 | Received a gift from Yredelemnul (a ghoul)
 39116 | Depths:4 | Received a gift from Yredelemnul (a vampire knight)
 39239 | Depths:4 | Noticed Saint Roka
 39249 | Depths:4 | Received a gift from Yredelemnul (a vampire knight)
 39260 | Depths:4 | Killed Saint Roka
 39260 | Depths:4 | Enslaved Saint Roka
 39356 | Depths:4 | Reached skill level 17 in Invocations
 39393 | Depths:4 | Noticed a caustic shrike
 39399 | Depths:4 | Killed a caustic shrike
 39571 | Depths:4 | Found a runed door.
 39803 | Depths:4 | Received a gift from Yredelemnul (a skeletal warrior)
 40010 | Depths:4 | Received a gift from Yredelemnul (a ghoul)
 40252 | Depths:4 | Found a radiant altar of Vehumet.
 40252 | Depths:4 | Noticed an ancient lich
 40264 | Depths:4 | Killed an ancient lich
 40268 | Depths:4 | Identified Tuduho's Almanac of Conjuration
 40418 | Depths:5 | Entered Level 5 of the Depths
 40424 | Depths:5 | Noticed a golden dragon
 40432 | Depths:5 | Killed a golden dragon
 40433 | Depths:5 | Received a gift from Yredelemnul (a vampire)
 40445 | Depths:5 | Reached XP level 22. HP: 178/178 MP: 37/37
 40549 | Depths:5 | Noticed a golden dragon
 40555 | Depths:5 | Killed a golden dragon
 40566 | Depths:5 | Received a gift from Yredelemnul (a phantasmal warrior)
 40575 | Depths:5 | Noticed Xtahua
 40581 | Depths:5 | Killed Xtahua
 40581 | Depths:5 | Reached skill level 10 in Shields
 40622 | Depths:5 | Reached skill level 18 in Invocations
 40836 | Depths:5 | Received a gift from Yredelemnul (a skeletal warrior)
 40900 | Depths:5 | Noticed a golden dragon
 40908 | Depths:5 | Killed a golden dragon
 41195 | Depths:5 | Received a gift from Yredelemnul (a vampire knight)
 41211 | Depths:5 | Found a gate to the Realm of Zot.
 41675 | Vaults:5 | Entered Level 5 of the Vaults
 41760 | Vaults:4 | Reached skill level 1 in Translocations
 41876 | Vaults:4 | Received a gift from Yredelemnul (a vampire knight)
 42132 | Vaults:5 | Received a gift from Yredelemnul (a vampire)
 42138 | Vaults:5 | Noticed a golden dragon
 42154 | Vaults:5 | Reached skill level 19 in Invocations
 42156 | Vaults:5 | Received a gift from Yredelemnul (a ghoul)
 42170 | Vaults:5 | Killed a golden dragon
 42426 | Vaults:5 | Received a gift from Yredelemnul (a bone dragon)
 42429 | Vaults:5 | Reached XP level 23. HP: 171/184 MP: 38/38
 42450 | Vaults:5 | Your ally Saint Roka died
 42484 | Vaults:5 | Gained mutation: Potions are less effective at restoring your health. [a shining eye]
 42497 | Vaults:5 | Lost mutation: You are dopey. (Int -2) [potion of mutation]
 42497 | Vaults:5 | Gained mutation: You occasionally shout uncontrollably at your foes. [potion of mutation]
 42497 | Vaults:5 | Lost mutation: Potions are less effective at restoring your health. [potion of mutation]
 42497 | Vaults:5 | Gained mutation: You have a pair of small horns on your head. [potion of mutation]
 42497 | Vaults:5 | Gained mutation: Your spells are a little harder to cast, but a little more powerful. [potion of mutation]
 42498 | Vaults:5 | Lost mutation: You occasionally shout uncontrollably at your foes. [potion of mutation]
 42498 | Vaults:5 | Lost mutation: You have a pair of small horns on your head. [potion of mutation]
 42498 | Vaults:5 | Gained mutation: You are resistant to hostile enchantments. (MR+) [potion of mutation]
 42498 | Vaults:5 | Gained mutation: You have a pair of small horns on your head. [potion of mutation]
 42498 | Vaults:5 | Lost mutation: You have a pair of small horns on your head. [potion of mutation]
 42498 | Vaults:5 | Gained mutation: Your mind is acute. (Int +2) [potion of mutation]
 42519 | Vaults:5 | Identified Huidoyt's Disquisition on Nocuous Summoning
 42729 | Vaults:5 | Reached skill level 20 in Invocations
 42729 | Vaults:5 | Received a gift from Yredelemnul (a phantasmal warrior)
 42729 | Vaults:5 | Received a gift from Yredelemnul (a profane servitor)
 42738 | Vaults:5 | Reached skill level 5 in Translocations
 42864 | Vaults:5 | Got a silver rune of Zot
 43055 | Vaults:5 | Found Limacsu's Antique Armour Shoppe.
 43065 | Vaults:5 | Bought a pair of glowing gloves for 330 gold pieces
 43094 | Vaults:5 | Bought an embroidered hat for 308 gold pieces
 43358 | Vaults:5 | Identified the Catalogue of Transmutation and Ignition
 43767 | Orc:2    | Bought a potion of curing for 45 gold pieces
 43767 | Orc:2    | Bought a potion of heal wounds for 75 gold pieces
 43767 | Orc:2    | Bought a potion of agility for 60 gold pieces
 43767 | Orc:2    | Bought a potion of agility for 60 gold pieces
 43767 | Orc:2    | Bought a potion of haste for 150 gold pieces
 43767 | Orc:2    | Bought a potion of invisibility for 120 gold pieces
 43767 | Orc:2    | Bought 2 potions of haste for 300 gold pieces
 44107 | Zot:1    | Entered Level 1 of the Realm of Zot
 44162 | Zot:1    | Received a gift from Yredelemnul (a skeletal warrior)
 44439 | Zot:1    | Received a gift from Yredelemnul (a flayed ghost)
 44775 | Zot:1    | Noticed a golden dragon
 44783 | Zot:1    | Killed a golden dragon
 44849 | Zot:2    | Noticed a golden dragon
 44856 | Zot:2    | Killed a golden dragon
 44856 | Zot:2    | Received a gift from Yredelemnul (a ghoul)
 44894 | Zot:2    | Noticed a golden dragon
 44899 | Zot:2    | Reached skill level 21 in Invocations
 44912 | Zot:2    | Killed a golden dragon
 45074 | Zot:2    | Got a pair of jewelled boots
 45075 | Zot:2    | Identified the +5 pair of boots of the Eleven Deaths {MP+9 Str+2} (You acquired it on level 2 of the Realm of Zot)
 45075 | Zot:2    | Reached XP level 24. HP: 175/191 MP: 24/38
 45196 | Zot:2    | Noticed a Killer Klown
 45223 | Zot:2    | Killed a Killer Klown
 45912 | Zot:3    | Received a gift from Yredelemnul (a phantasmal warrior)
 46386 | Zot:3    | Noticed Tiamat
 46459 | Zot:3    | Reached skill level 22 in Invocations
 46459 | Zot:3    | Received a gift from Yredelemnul (a vampire)
 46744 | Zot:3    | Received a gift from Yredelemnul (a ghoul)
 47042 | Zot:3    | Killed Tiamat
 47218 | Zot:3    | Identified Sif Muna's Guide on the Nocuous Blaze
 47840 | Zot:3    | Received a gift from Yredelemnul (a skeletal warrior)
 48018 | Zot:4    | Reached XP level 25. HP: 151/197 MP: 38/38
 48053 | Zot:4    | Received a gift from Yredelemnul (a phantasmal warrior)
 48421 | Zot:4    | Received a gift from Yredelemnul (a bone dragon)
 48443 | Zot:4    | Noticed an orb of fire
 48459 | Zot:4    | Noticed an orb of fire
 48465 | Zot:4    | Gained mutation: You are clumsy. (Dex -2) [an orb of fire]
 48470 | Zot:4    | Gained mutation: You are occasionally teleported next to monsters. [an orb of fire]
 48474 | Zot:4    | Killed an orb of fire
 48498 | Zot:4    | Killed an orb of fire
 48509 | Zot:4    | Lost mutation: Your spells are a little harder to cast, but a little more powerful. [potion of mutation]
 48509 | Zot:4    | Lost mutation: You are clumsy. (Dex -2) [potion of mutation]
 48509 | Zot:4    | Lost mutation: Your mind is acute. (Int +2) [potion of mutation]
 48509 | Zot:4    | Lost mutation: You are resistant to hostile enchantments. (MR+) [potion of mutation]
 48509 | Zot:4    | Lost mutation: You are occasionally teleported next to monsters. [potion of mutation]
 48509 | Zot:4    | Gained mutation: You occasionally shout uncontrollably at your foes. [potion of mutation]
 48509 | Zot:4    | Gained mutation: You are somewhat resistant to further mutation. [potion of mutation]
 48509 | Zot:4    | Gained mutation: You have sharp fingernails. [potion of mutation]
 48510 | Zot:4    | Lost mutation: You occasionally shout uncontrollably at your foes. [potion of mutation]
 48510 | Zot:4    | Lost mutation: You are somewhat resistant to further mutation. [potion of mutation]
 48510 | Zot:4    | Lost mutation: You have sharp fingernails. [potion of mutation]
 48510 | Zot:4    | Gained mutation: You are somewhat resistant to further mutation. [potion of mutation]
 48701 | Zot:5    | Entered Level 5 of the Realm of Zot
 49124 | Zot:5    | Received a gift from Yredelemnul (a phantasmal warrior)
 49143 | Zot:5    | Reached skill level 23 in Invocations
 49344 | Zot:5    | Noticed an ancient lich
 49344 | Zot:5    | Noticed an orb of fire
 49359 | Zot:5    | Gained mutation: You expend magic power (3 MP) to strengthen your wands. [an orb of fire]
 49375 | Zot:5    | Noticed an ancient lich
 49390 | Zot:5    | Noticed an ancient lich
 49391 | Zot:5    | Noticed an orb of fire
 49405 | Zot:5    | Gained mutation: You have supernaturally acute eyesight. (SInv) [an orb of fire]
 49414 | Zot:5    | Gained mutation: Your body sometimes deteriorates upon taking damage. [an orb of fire]
 49425 | Zot:5    | Noticed an orb of fire
 49427 | Zot:5    | Noticed an orb of fire
 49442 | Zot:5    | Noticed an orb of fire
 49448 | Zot:5    | Noticed a Killer Klown
 49587 | Zot:5    | Gained mutation: You occasionally shout uncontrollably at your foes. [an orb of fire]
 49616 | Zot:4    | Killed an orb of fire
 49703 | Zot:4    | Killed an orb of fire
 49722 | Zot:4    | Gained mutation: Armour fits poorly on your strangely shaped body. [an orb of fire]
 49724 | Zot:4    | Killed an orb of fire
 49779 | Zot:4    | Killed an ancient lich
 49874 | Zot:4    | Killed an ancient lich
 49894 | Zot:4    | Killed an ancient lich
 49894 | Zot:4    | Reached XP level 26. HP: 204/204 MP: 38/38
 49895 | Zot:4    | Received a gift from Yredelemnul (a bone dragon)
 49957 | Zot:4    | Lost mutation: You are somewhat resistant to further mutation. [potion of mutation]
 49957 | Zot:4    | Lost mutation: You expend magic power (3 MP) to strengthen your wands. [potion of mutation]
 49957 | Zot:4    | Lost mutation: Your body sometimes deteriorates upon taking damage. [potion of mutation]
 49957 | Zot:4    | Gained mutation: You are covered in fur. (AC +1) [potion of mutation]
 49957 | Zot:4    | Gained mutation: You possess an exceptional clarity of mind. [potion of mutation]
 49957 | Zot:4    | Gained mutation: Your mind is acute. (Int +2) [potion of mutation]
 49958 | Zot:4    | Lost mutation: You occasionally shout uncontrollably at your foes. [potion of mutation]
 49958 | Zot:4    | Lost mutation: Armour fits poorly on your strangely shaped body. [potion of mutation]
 49958 | Zot:4    | Lost mutation: Your mind is acute. (Int +2) [potion of mutation]
 49958 | Zot:4    | Gained mutation: Your muscles are strong. (Str +2) [potion of mutation]
 50165 | Zot:5    | Noticed an orb of fire
 50189 | Zot:5    | Gained mutation: Your body sometimes deteriorates upon taking damage. [an orb of fire]
 50191 | Zot:5    | Killed an orb of fire
 50226 | Zot:5    | Gained mutation: You are frail. (-10% HP) [mutagenic glow]
 50295 | Zot:5    | Gained mutation: You are occasionally teleported next to monsters. [mutagenic glow]
 50333 | Zot:5    | Lost mutation: Your body sometimes deteriorates upon taking damage. [potion of mutation]
 50333 | Zot:5    | Lost mutation: You are covered in fur. (AC +1) [potion of mutation]
 50333 | Zot:5    | Lost mutation: You possess an exceptional clarity of mind. [potion of mutation]
 50333 | Zot:5    | Gained mutation: You have a pair of small horns on your head. [potion of mutation]
 50333 | Zot:5    | Gained mutation: You possess an exceptional clarity of mind. [potion of mutation]
 50334 | Zot:5    | Lost mutation: Your muscles are strong. (Str +2) [potion of mutation]
 50334 | Zot:5    | Lost mutation: You have a pair of small horns on your head. [potion of mutation]
 50334 | Zot:5    | Lost mutation: You are frail. (-10% HP) [potion of mutation]
 50334 | Zot:5    | Lost mutation: You possess an exceptional clarity of mind. [potion of mutation]
 50334 | Zot:5    | Lost mutation: You are occasionally teleported next to monsters. [potion of mutation]
 50334 | Zot:5    | Gained mutation: You are partially covered in thin metallic scales. (AC +2) [potion of mutation]
 50334 | Zot:5    | Gained mutation: You are dopey. (Int -2) [potion of mutation]
 50334 | Zot:5    | Gained mutation: You are resistant to hostile enchantments. (MR+) [potion of mutation]
 50334 | Zot:5    | Gained mutation: You passively map a small area around you. [potion of mutation]
 50353 | Zot:5    | Killed an orb of fire
 50397 | Zot:5    | Received a gift from Yredelemnul (a profane servitor)
 50542 | Zot:5    | Got the Orb of Zot
 50591 | Zot:5    | Noticed an ancient lich
 50596 | Zot:5    | Noticed an orb of fire
 50906 | Depths:2 | Received a gift from Yredelemnul (a ghoul)
 51241 | D:5      | Reached skill level 24 in Invocations
 51385 | D:$      | Escaped with the Orb!

Skill      XL: |  1  2  3  4  5  6  7  8  9 10 11 12 13 14 15 16 17 18 19 20 21 22 23 24 25 26 |
---------------+-------------------------------------------------------------------------------+-----
Polearms       | 5 6 8 9 11 12 14 16 17 18 | 18.1
Fighting       | 4 5 6 7 8 10 11 12 13 14 15 16 | 16.1
Dodging        | 3 5 7 9 11 12 13 14 15 16 17 19 21 22 | 22.3
Shields        | 4 5 6 7 9 10 | 10.2
Armour         | 3 4 5 6 7 8 9 10 | 10.6
Invocations    | 4 8 10 12 13 14 15 16 17 19 21 22 23 24 | 24.0
Evocations     | 3 4 8 11 13 14 15 18 20 21 | 21.4
Spellcasting   | 2 4 6 7 8 9 11 | 11.3
Charms         | 4 6 7 9 10 11 | 11.0
Translocations | 3 5 |  5.3

Action                   |  1- 3 |  4- 6 |  7- 9 | 10-12 | 13-15 | 16-18 | 19-21 | 22-24 | 25-27 || total
-------------------------+-------+-------+-------+-------+-------+-------+-------+-------+-------++-------
Melee: Trident           |   166 |   211 |   539 |   731 |  2017 |   698 |       |       |       ||  4362
       Tailslap          |       |       |       |       |     9 |    13 |     3 |     8 |     7 ||    40
       Demon trident     |       |       |       |       |       |   427 |  1393 |  1486 |   714 ||  4020
Throw: Throwing net      |       |       |       |     1 |       |       |       |       |       ||     1
 Cast: Apportation       |       |       |       |       |       |       |       |       |     6 ||     6
       Shroud of Golubri |       |       |       |       |       |       |       |       |     2 ||     2
       Swiftness         |       |       |       |       |       |       |       |       |     1 ||     1
Invok: Recall Undead Sla |       |       |       |     2 |     6 |    18 |    18 |    15 |     6 ||    65
       Animate Dead      |       |       |       |     2 |       |     5 |     2 |    24 |    13 ||    46
       Drain Life        |       |       |       |       |       |     4 |    16 |    16 |     7 ||    43
       Enslave Soul      |       |       |       |       |       |       |     4 |     3 |     1 ||     8
       Injury Mirror     |       |       |       |       |       |       |       |       |     1 ||     1
Evoke: Wand              |       |       |       |     9 |    15 |       |       |       |    11 ||    35
       Lamp of fire      |       |       |       |     1 |     2 |       |     3 |     2 |     2 ||    10
       Phial of floods   |       |       |       |       |       |       |       |     3 |     4 ||     7
       Sack of spiders   |       |       |       |       |       |       |       |     1 |       ||     1
       Box of beasts     |       |       |       |       |       |       |       |       |     2 ||     2
  Use: Scroll            |     3 |     6 |     3 |    18 |    12 |    10 |    15 |    18 |     8 ||    93
       Potion            |       |       |       |     4 |       |     1 |     3 |     2 |    36 ||    46
 Stab: Invisible         |       |       |       |    10 |       |       |       |       |       ||    10
       Held in net/web   |       |       |       |     5 |       |       |       |       |       ||     5
       Distracted        |       |       |       |     2 |    12 |    26 |    30 |    30 |    13 ||   113
       Petrifying        |       |       |       |       |     2 |       |       |       |       ||     2
       Petrified         |       |       |       |       |     2 |       |       |       |       ||     2
       Paralysed         |       |       |       |       |     1 |    13 |     1 |       |       ||    15
       Confused          |       |       |       |       |     1 |       |       |     1 |       ||     2
  Eat: Chunk             |     2 |     8 |    11 |    12 |    17 |     6 |     3 |       |       ||    59
       Fruit             |       |       |       |    11 |    18 |     3 |    12 |    10 |       ||    54
       Royal jelly       |       |       |       |       |     2 |       |       |     1 |       ||     3
       Meat ration       |       |       |       |       |       |     6 |     6 |     8 |     4 ||    24
Armor: Scale mail        |    60 |    40 |    79 |   116 |   368 |       |       |       |       ||   663
       Skin              |       |       |       |     4 |       |       |       |       |       ||     4
       Plate armour      |       |       |       |       |    40 |   208 |       |       |       ||   248
       Chain mail        |       |       |       |       |       |    66 |   309 |   519 |   243 ||  1137
Dodge: Dodged            |    48 |    45 |   102 |   207 |   833 |   345 |   408 |   795 |   368 ||  3151
       Deflected         |       |       |    12 |    13 |     9 |    75 |    59 |    39 |       ||   207
Block: Shield            |    45 |       |       |       |       |    77 |   470 |    42 |       ||   634
       Buckler           |     9 |    57 |   117 |   114 |   388 |   196 |       |   446 |   177 ||  1504
